 Dungeon Crawl Stone Soup version 0.21-a0-241-g2cbab09 (webtiles) character file.

4267 Manul the Cleaver (level 10, -5/77 HPs)
             Began as a Mummy Gladiator on Sept 3, 2017.
             Was an Initiate of Gozag.
             Slain by a two-headed ogre
             ... wielding a +0 giant spiked club
              (10 damage)
             ... on level 10 of the Dungeon.
             The game lasted 00:11:58 (13820 turns).

Manul the Cleaver (Mummy Gladiator)                Turns: 13820, Time: 00:11:59

Health: -5/77      AC:  7    Str: 19    XL:     10   Next: 10%
Magic:  19/19      EV: 15    Int:  8    God:    Gozag
Gold:   649        SH:  0    Dex: 15    Spells: 9/9 levels left

rFire    x . .     SeeInvis .   a - +1 war axe
rCold    + + .     Gourm    .   (no shield)
rNeg     + + +     Faith    .   m - +2 leather armour {rC+}
rPois    ∞         Spirit   .   c - +1 helmet
rElec    .         Reflect  .   (no cloak)
rCorr    .         Harm     .   (no gloves)
MR       ++...                  (no boots)
Stlth    +.........             (no amulet)
HPRegen  0.22/turn              j - ring of magical power
MPRegen  0.16/turn              w - ring of protection from magic

@: gold aura
A: no food or potions, fire vulnerability, cold resistance 1, negative energy
resistance 3, torment resistance, unbreathing
a: Potion Petition, Call Merchant, Bribe Branch, Renounce Religion


You were on level 10 of the Dungeon.
You worshipped Gozag.
Gozag was pleased with you.
You were not hungry.

You visited 2 branches of the dungeon, and saw 11 of its levels.

You collected 1403 gold pieces.
You paid 754 gold pieces to Gozag.

Inventory:

Hand Weapons
 a - a +1 war axe (weapon)
 k - a +0 morningstar
Missiles
 o - 5 javelins (quivered)
Armour
 b - a +0 leather armour
 c - a +1 helmet (worn)
 m - a +2 leather armour of cold resistance (worn)
 y - a +0 chain mail
Jewellery
 j - a ring of magical power (left hand)
 n - an uncursed ring of flight
 w - a ring of protection from magic (right hand)
Wands
 g - a wand of paralysis (17/24)
 s - a wand of iceblast (8/15)
 u - a wand of disintegration (6/24)
 x - a wand of acid (8/15)
Scrolls
 e - a scroll of remove curse
 f - a scroll of blinking {unknown}
 h - 3 scrolls of teleportation
 i - 3 scrolls of magic mapping
 l - a scroll of noise {unknown}
 p - 2 scrolls of recharging
 q - a scroll of brand weapon {unknown}
 r - a scroll of enchant weapon
 t - a scroll of enchant armour
Books
 v - a book of Changes

   Spells                             Type                      Level
   a - Beastly Appendage              Transmutation                1
   b - Sticks to Snakes               Transmutation                2
   c - Spider Form                    Transmutation/Poison         3
   d - Ice Form                       Ice/Transmutation            4
   e - Blade Hands                    Transmutation                5


   Skills:
 + Level 6.5 Fighting
 + Level 9.0 Axes
 + Level 1.7 Throwing
 + Level 4.5 Armour
 + Level 5.6 Dodging
 - Level 0.8 Stealth
 + Level 0.1 Evocations


You had 9 spell levels left.
You didn't know any spells.

Dungeon Overview and Level Annotations

Branches:
Dungeon (10/15)            Temple (1/1) D:4            Lair (0/6) D:8
    Orc: D:9-12

Altars:
Ashenzari
Cheibriados
Dithmenos
Gozag
Hepliaklqana
Kikubaaqudgha
Makhleb
Nemelex Xobeh
Okawaru
Trog
Uskayaw
Vehumet
Wu Jian
Xom
Yredelemnul
Zin

Shops:
D:5 [%[[   D:7 =

Annotations:
D:9 GordonOverkill's ghost, novice MiTm


Innate Abilities, Weirdness & Mutations

You do not eat or drink.
Your flesh is vulnerable to fire.
You are immune to poison.
Your flesh is cold resistant. (rC+)
You are immune to negative energy. (rN+++)
You are immune to unholy pain and torment.
You can survive without breathing.


Message History

The two-headed ogre is heavily wounded.
You slash the ice beast!
You kill the ice beast!
The two-headed ogre struggles against the net.
You hit the two-headed ogre.
The two-headed ogre is heavily wounded.
The two-headed ogre struggles against the net.
You completely miss the two-headed ogre.
The two-headed ogre is heavily wounded.
You hit the two-headed ogre.
The two-headed ogre is heavily wounded.
The two-headed ogre struggles against the net.
The net rips apart, and the two-headed ogre comes free!
You slash the two-headed ogre!
The two-headed ogre is severely wounded.
The two-headed ogre hits you with a giant spiked club!!
* * * LOW HITPOINT WARNING * * *
The two-headed ogre hits you with a giant club!
You die...
Your body crumbles into a pile of gold.

####### #.....#
#....@# #...O$#
#.....# #.....#
#....)####+###...
#####...(.$......
+<....$......
#............
#............


You could see a two-headed ogre.

Vanquished Creatures
  A two-headed ogre (D:8)
  A yak (D:7)
  A basilisk (D:8)
  A steam dragon (D:8)
  The ghost of Akra the Shooter, an amateur CeAM (D:3)
  A water moccasin (D:6)
  Duvessa (D:6)
  2 ice beasts
  An orc warrior (D:6)
  2 phantoms
  A sky beast (D:7)
  A black bear (D:7)
  2 necrophages
  4 centaurs
  An ogre (D:8)
  A crocodile (D:8)
  2 bullfrogs (D:8)
  Dowan (D:6)
  2 scorpions (D:5)
  4 crimson imps
  A centaur zombie (D:5)
  2 jellies
  An orc priest (D:5)
  9 hounds
  5 orc wizards
  2 gnoll shamans (D:8)
  7 worker ants
  4 iguanas
  A worker ant zombie (D:7)
  9 adders
  10 gnolls
  An ooze (D:1)
  An adder zombie (D:6)
  2 worms
  4 dart slugs
  5 leopard geckos
  19 orcs
  A ball python (D:1)
  8 bats
  6 giant cockroaches
  11 goblins
  9 hobgoblins
  6 jackals
  5 quokkas
  8 frilled lizards
  A jackal skeleton (D:4)
  9 kobolds
  A leopard gecko skeleton (D:5)
  A leopard gecko zombie (D:5)
  A quokka skeleton (D:4)
  9 rats
190 creatures vanquished.

Notes
Turn   | Place    | Note
-------+----------+-------------------------------------------
     0 | D:1      | Manul the Mummy Gladiator began the quest for the Orb.
     0 | D:1      | Reached XP level 1. HP: 16/16 MP: 1/1
   419 | D:1      | Reached XP level 2. HP: 18/22 MP: 2/2
  1118 | D:1      | Reached XP level 3. HP: 18/27 MP: 3/3
  1299 | D:1      | Reached skill level 3 in Axes
  1822 | D:1      | Reached skill level 1 in Armour
  2033 | D:2      | Found a burning altar of Makhleb.
  2047 | D:2      | Reached XP level 4. HP: 16/33 MP: 4/4
  2332 | D:2      | Found a glowing silver altar of Zin.
  2333 | D:2      | Noticed an angel
  2625 | D:3      | Noticed Akra's ghost (amateur CeAM)
  2953 | D:2      | HP: 1/34 [orc/mace (7)]
  3709 | D:4      | Found a staircase to the Ecumenical Temple.
  3723 | Temple   | Entered the Ecumenical Temple
  3796 | Temple   | Became a worshipper of Gozag Ym Sagoz the Greedy
  3908 | D:4      | Reached XP level 5. HP: 36/39 MP: 5/5
  5020 | D:4      | Reached skill level 4 in Axes
  5232 | D:3      | Killed Akra's ghost
  5232 | D:3      | Reached XP level 6. HP: 19/47 MP: 6/6
  5898 | D:5      | Entered Level 5 of the Dungeon
  5898 | D:5      | Found Xaompuur's Armour Shoppe.
  6245 | D:5      | Reached XP level 7. HP: 52/52 MP: 7/7
  6261 | D:5      | Reached skill level 5 in Axes
  6841 | D:5      | Found Lomuplug's Armour Boutique.
  7227 | D:5      | Found Naneasif's Armour Shoppe.
  7530 | D:5      | Found Waaly's Food Shop.
  7611 | D:5      | Reached XP level 8. HP: 34/60 MP: 8/8
  7939 | D:6      | Noticed Duvessa
  7939 | D:6      | Noticed Dowan
  7948 | D:6      | Killed Duvessa
  7948 | D:6      | Reached skill level 6 in Axes
  7952 | D:6      | Killed Dowan
  8896 | D:6      | Found an iron altar of Okawaru.
  8897 | D:6      | Found a bloodstained altar of Trog.
  9143 | D:6      | Reached skill level 7 in Axes
  9300 | D:6      | Found a hazy altar of Hepliaklqana.
  9311 | D:6      | Found a sparkling altar of Nemelex Xobeh.
 10370 | D:7      | Reached skill level 5 in Fighting
 10379 | D:7      | Reached XP level 9. HP: 62/68 MP: 9/9
 10861 | D:8      | Found a staircase to the Lair.
 11605 | D:8      | Reached skill level 8 in Axes
 12078 | D:8      | Reached skill level 5 in Dodging
 12114 | D:8      | Noticed a two-headed ogre
 12127 | D:8      | Killed a two-headed ogre
 13037 | D:9      | Noticed GordonOverkill's ghost (novice MiTm)
 13042 | D:9      | Reached XP level 10. HP: 53/76 MP: 10/10
 13524 | D:9      | Reached skill level 9 in Axes
 13790 | D:10     | Entered Level 10 of the Dungeon
 13797 | D:10     | Noticed a two-headed ogre
 13820 | D:10     | Slain by a two-headed ogre

Vault maps used:
D:1:      onia_arrival_larder, columned_hall_lemuel
D:2:      zin_angel, makhleb_blood_cavern_becter
D:4:      temple_fountains, first_bread
D:5:      serial_shops, shop, kennysheep_mini_moat, shop,
          nicolae_shop_behind_doors
D:6:      grunt_temple_overflow_bloody_war, amethyst_overflow_temple_binary,
          uniq_duvessa
D:8:      david_lair_generic
D:9:      lemuel_upstairs_altar, hangedman_little_slice_of_home, minivault_5
D:10:     grunt_dithmenos_smoke
Temple:   eino_temple_scatter_basement

Skill      XL: |  1  2  3  4  5  6  7  8  9 10 |
---------------+-------------------------------+-----
Axes           | 3 4 5 7 8 9 |  9.0
Armour         | 1 2 3 4 |  4.5
Dodging        | 3 4 5 |  5.6
Fighting       | 3 4 5 6 |  6.5
Throwing       | |  1.7
Stealth        | |  0.8
Evocations     | |  0.1

Action                   |  1- 3 |  4- 6 |  7- 9 | 10-12 || total
-------------------------+-------+-------+-------+-------++-------
Melee: War axe           |   131 |   171 |   445 |    38 ||   785
Throw: Throwing net      |       |       |     2 |     1 ||     3
Invok: Call Merchant     |       |       |     1 |       ||     1
Evoke: Wand              |       |       |     2 |       ||     2
  Use: Scroll            |       |     2 |     8 |     1 ||    11
 Stab: Sleeping          |       |     1 |       |       ||     1
       Distracted        |       |       |     2 |       ||     2
       Held in net/web   |       |       |     1 |       ||     1
Armor: Leather armour    |    56 |    53 |   110 |     8 ||   227
Dodge: Dodged            |   117 |   136 |   305 |    28 ||   586

Table legend:
 A = Spawn XP
 B = Non-spawn XP
 C = Spawn XP percentage of total XP
 D = Spawn monster count
 E = Non-spawn monster count
 F = Spawn count percentage of total count
 G = Total turns spent on level
                    A         B        C        D         E        F      G
               +---------+---------+-------+---------+---------+-------+---------
         Total |    2016 |    4080 |  33.1 |      50 |     140 |  26.3 | 13820
               +---------+---------+-------+---------+---------+-------+---------
           D:1 |      14 |      60 |  18.9 |      10 |      25 |  28.6 |  1964
           D:2 |       8 |      84 |   8.7 |       5 |      16 |  23.8 |  1484
           D:3 |      52 |     192 |  21.3 |       9 |      10 |  47.4 |   692
           D:4 |     100 |      94 |  51.5 |       6 |       9 |  40.0 |  1666
           D:5 |     131 |     732 |  15.2 |       5 |      27 |  15.6 |  2041
           D:6 |     314 |     622 |  33.5 |       8 |      12 |  40.0 |  2248
           D:7 |     131 |     781 |  14.4 |       2 |      18 |  10.0 |   892
           D:8 |    1266 |     968 |  56.7 |       5 |      16 |  23.8 |  2294
           D:9 |       0 |     301 |   0.0 |       0 |       4 |   0.0 |   417
          D:10 |       0 |     246 |   0.0 |       0 |       3 |   0.0 |    30
               +---------+---------+-------+---------+---------+-------+---------
